[Event "*** Titled Tuesday Blitz"]
[Site "Chess.com"]
[Date "2020.05.05"]
[Round "4"]
[White "2346PL"]
[Black "GMKrikor"]
[Result "0-1"]
[WhiteElo "2360"]
[BlackElo "2850"]
[TimeControl "180+1"]
[EndTime "10:40:30 PDT"]
[Termination "GMKrikor won by resignation"]

1. d4 Nf6 2. Bg5 d5 3. e3 c5 4. Nc3 Nc6 5. Nf3 cxd4 6. exd4 Bg4 7. Be2 Bxf3 8. Bxf3 e6 9. O-O Be7 10. Ne2 O-O 11.
Qd3 Qb6 12. Rab1 Nb4 13. Qd2 Rac8 14. c3 Nc6 15. Nf4 Na5 16. Nd3 Nc4 17. Qf4 h6 18. Bxf6 Bxf6 19. h4 Qc7 20. h5 Qxf4 21. Nxf4 Nd2 22.
Rbd1 Nxf1 23. Kxf1 b5 24. Nd3 Be7 25. Be2 a5 26. a3 b4 27. cxb4 axb4 28. Nxb4 Bxb4 29. axb4 Rc2 30. b5 Rxb2 31. f4 Rb8 32. Ra1 Rb4 33. Rd1 Kf8 34. Kf2 Ke7 35. g4 Kf6 36. Ke3 Rb3+ 37. Kf2 Rc8 38. Rd2 Rc1 39. Ra2 Rh1 40.
Bf1 Rb1 41. Bg2 Rhd1 42. Bf3 Rxd4 43. Ke3 Rdb4 44. Be2 R1b3+ 45. Kf2 Rb2 46. Ra7 Rxf4+ 0-1

[Event "*** Titled Tuesday Blitz"]
[Site "Chess.com"]
[Date "2020.05.05"]
[Round "4"]
[White "BilguunSu"]
[Black "Love_craft"]
[Result "1-0"]
[WhiteElo "2594"]
[BlackElo "2307"]
[TimeControl "180+1"]
[EndTime "10:40:30 PDT"]
[Termination "BilguunSu won on time"]

1. e4 g6 2. d4 Bg7 3. Nc3 d6 4. Nge2 Nf6 5. h3 Nbd7 6. g4 e5 7. Be3 c6 8. Ng3 h5 9. g5 Nh7 10. h4 exd4 11. Bxd4 Ne5 12. Be2 Bg4 13. Bxg4 hxg4 14.
Bxe5 Bxe5 15. Qxg4 Qb6 16. O-O-O Bxc3 17. bxc3 Qxf2 18.
Rd3 Qc5 19. Rhd1 Rd8 20. Qf4 O-O 21. Rxd6 Rxd6 22. Rxd6 Qxc3 23. h5 Qa3+ 24. Kd1 Nxg5 25. hxg6 Qf3+ 26. Qxf3 Nxf3 27. Nf5 fxg6 28. Rxg6+ Kh8 29.
Ke2 Ne5 30. Re6 Nc4 31. Re7 b5 32. Rxa7 Re8 33. Kd3 Nb2+ 34. Kd4 Nc4 35. Rc7 Ne5 36. Ne7 Nf3+ 37. Kc5 Ne5 38. Kd6 Nc4+ 39. Kxc6 b4 40. Kd7 1-0

[Event "*** Titled Tuesday Blitz"]
[Site "Chess.com"]
[Date "2020.05.05"]
[Round "4"]
[White "UCantHandleDenker"]
[Black "RAU4ever"]
[Result "0-1"]
[WhiteElo "2570"]
[BlackElo "2358"]
[TimeControl "180+1"]
[EndTime "10:40:30 PDT"]
[Termination "RAU4ever won by resignation"]

1. Nf3 Nf6 2. c4 e6 3. g3 d5 4. b3 Be7 5. Bb2 b6 6. Bg2 Ba6 7. Qc2 Nbd7 8. O-O c5 9. cxd5 exd5 10. d4 Rc8 11. dxc5 Nxc5 12. Qd1 Nce4 13. Nd4 O-O 14. a3 Qd7 15. b4 Rfe8 16. f3 Nd6 17. Nd2 Bf8 18.
Re1 Nc4 19. Nxc4 dxc4 20. Rc1 Nd5 21. e4 c3 22. Ba1 Nxb4 23. axb4 Bxb4 24. Nf5 Qe6 25.
Qa4 Qc4 26. Kh1 c2 27. Rf1 Bd2 28. Qa3 Bxc1 29. Rxc1 Red8 30. Qb2 f6 31. h4 Qe2 32.
Kh2 Rd2 33. Ne3 Qxe3 34. Qb3+ Qxb3 0-1

[Event "*** Titled Tuesday Blitz"]
[Site "Chess.com"]
[Date "2020.05.05"]
[Round "4"]
[White "asimali1977"]
[Black "Bagirova"]
[Result "0-1"]
[WhiteElo "1951"]
[BlackElo "2194"]
[TimeControl "180+1"]
[EndTime "10:40:30 PDT"]
[Termination "Bagirova won on time"]

1. Nf3 d5 2. g3 Nf6 3. Bg2 e6 4. O-O Be7 5. d3 c5 6. Nbd2 Nc6 7. e3 b6 8. Re1 Bb7 9. e4 Qc7 10. Qe2 h6 11. exd5 Nxd5 12. Nc4 O-O 13. Bd2 Bf6 14. Nce5 Nxe5 15. Nxe5 Rad8 16. Ng4 Bxb2 17. Rab1 Bc3 18. a4 Bxd2 19. Qxd2 Ne7 20. Bxb7 Qxb7 21. a5 b5 22. h4 b4 23. Qf4 Nd5 24. Qc4 Qc7 25. d4 Nc3 26.
Rxe6 fxe6 27. Qxe6+ Qf7 28. Nxh6+ gxh6 29. Qg4+ Qg7 30.
Qe6+ Qf7 31. Qg4+ Kh8 32. Rf1 cxd4 33. h5 Qg7 34. Qe6 Rde8 35. Qa6 Ne2+ 36. Kg2 Nf4+ 37.
Kg1 Nh3+ 38. Kg2 Ng5 0-1

[Event "*** Titled Tuesday Blitz"]
[Site "Chess.com"]
[Date "2020.05.05"]
[Round "4"]
[White "MPGM"]
[Black "IMTominho"]
[Result "0-1"]
[WhiteElo "2502"]
[BlackElo "2792"]
[TimeControl "180+1"]
[EndTime "10:40:31 PDT"]
[Termination "IMTominho won by resignation"]

1. d4 d5 2. c4 c6 3. cxd5 cxd5 4. Nc3 Nf6 5. Bf4 Qb6 6. Qb3 Qxd4 7. e3 Qb6 8. Nxd5 Nxd5 9. Qxd5 Qxb2 10. Bb5+ Bd7 11. Bxd7+ Nxd7 12. Rd1 Rd8 13. Nf3 e6 14. Qb3 Bb4+ 15.
Kf1 Qxb3 16. axb3 Nc5 17. Rxd8+ Kxd8 18. Ke2 Ke7 19. Rd1 Rd8 20. Rxd8 Kxd8 21. Bd6 Kd7 22.
Bxc5 Bxc5 23. Ne5+ Ke7 24. f3 Bd6 25. Nd3 Bxh2 26. f4 Bg3 27. Kf3 Bh4 28. e4 Ke8 29. Nc5 Be7 30. Nxb7 Bb4 31. e5 Kd7 32. Ke4 Kc7 33.
Nd6 Bxd6 0-1

[Event "*** Titled Tuesday Blitz"]
[Site "Chess.com"]
[Date "2020.05.05"]
[Round "4"]
[White "MartinMatthiesen"]
[Black "ftorodent"]
[Result "0-1"]
[WhiteElo "2473"]
[BlackElo "2675"]
[TimeControl "180+1"]
[EndTime "10:40:31 PDT"]
[Termination "ftorodent won on time"]

1. d4 f5 2. Nf3 Nf6 3. g3 g6 4.
Bg2 Bg7 5. O-O O-O 6. c4 d6 7.
Nc3 Qe8 8. d5 a5 9. Nd4 Na6 10.
b3 Bd7 11. Bb2 Nc5 12. Qc2 c6 13. Rae1 Rc8 14. e3 Qf7 15. Re2 Nce4 16. Nxe4 fxe4 17.
Bxe4 cxd5 18. Bg2 dxc4 19. Bxb7 cxb3 20. Qxb3 Qxb3 21. axb3 Rb8 22. Bc6 Bh3 23. Bg2 Bxg2 24. Kxg2 Rfc8 25. Rc1 Rxc1 26. Bxc1 Nd5 27. Nc6 Rc8 28. Rc2 Kf8 29. Rc4 Nb6 30. Rc2 Ke8 31. Bd2 Kd7 32. Nd4 Bxd4 33. Rxc8 Kxc8 34. exd4 a4 35.
bxa4 Nxa4 36. Kf3 Kd7 37. Ke4 e6 0-1

[Event "*** Titled Tuesday Blitz"]
[Site "Chess.com"]
[Date "2020.05.05"]
[Round "4"]
[White "tufferguy"]
[Black "PawnEatingZombie"]
[Result "1-0"]
[WhiteElo "2358"]
[BlackElo "2142"]
[TimeControl "180+1"]
[EndTime "10:40:31 PDT"]
[Termination "tufferguy won by resignation"]

1. e4 c6 2. d4 d5 3. e5 Bf5 4.
Bd3 Bxd3 5. Qxd3 e6 6. Ne2 c5 7.
Nbc3 Nc6 8. O-O Nge7 9. dxc5 Ng6 10. f4 Bxc5+ 11. Kh1 O-O 12. a3 a6 13. b4 Ba7 14. Bb2 Rc8 15. Nd1 Nce7 16. Bd4 Bxd4 17. Nxd4 Qc7 18. c3 Qd7 19. Ne3 f6 20. exf6 Rxf6 21. g3 e5 22. fxe5 Nxe5 23. Qe2 Rxc3 24. Rxf6 gxf6 25. Rf1 Rd3 26. Ndf5 N7g6 27. Ng4 Qc6 28.
Nxe5 fxe5 29. Qxd3 d4+ 30. Qf3 e4 31. Ne7+ Kg7 32.
Qf7+ Kh6 33. Nxc6 1-0

[Event "*** Titled Tuesday Blitz"]
[Site "Chess.com"]
[Date "2020.05.05"]
[Round "4"]
[White "vladislavkovalev"]
[Black "SamuelGhimpu2003"]
[Result "1-0"]
[WhiteElo "2878"]
[BlackElo "2681"]
[TimeControl "180+1"]
[EndTime "10:40:32 PDT"]
[Termination "vladislavkovalev won by resignation"]

1. e4 e6 2. d4 d5 3. Bd3 dxe4 4. Bxe4 Nf6 5. Bf3 c5 6. Ne2 Nc6 7. Be3 cxd4 8. Nxd4 Bd7 9. Nxc6 Bxc6 10. Bxc6+ bxc6 11. Qxd8+ Kxd8 12. Nd2 Nd5 13. Bd4 f6 14. c4 Nb4 15. Kd1 e5 16. Bc3 Nd3 17. Rf1 Bc5 18.
Kc2 Nf4 19. g3 Ne6 20. Nb3 Kc7 21. Rad1 Bb6 22. f4 e4 23. Rfe1 e3 24. Nd4 Rhe8 25.
Nf5 g6 26. Nxe3 f5 27. Be5+ Kb7 28. Rd7+ Ka6 29. b4 Rad8 30. Rxd8 Rxd8 31. c5 Bc7 32. Nc4 Bxe5 33. Nxe5 Nd4+ 34. Kc3 Kb5 35. a4+ Ka6 36. Kc4 Kb7 37. Nf7 Rd5 38. Re7+ Ka6 39. Nd6 1-0

[Event "*** Titled Tuesday Blitz"]
[Site "Chess.com"]
[Date "2020.05.05"]
[Round "4"]
[White "kasparicy"]
[Black "Usurpov"]
[Result "1-0"]
[WhiteElo "2305"]
[BlackElo "2451"]
[TimeControl "180+1"]
[EndTime "10:40:32 PDT"]
[Termination "kasparicy won by resignation"]

1. e4 c5 2. Nf3 e6 3. d4 cxd4 4. Nxd4 Nf6 5. Nc3 Nc6 6. Be3 Bb4 7. Bd3 d5 8. exd5 Nxd5 9. Nxc6 bxc6 10. Bd2 O-O 11. O-O Rb8 12. Qe2 Nxc3 13. bxc3 Bd6 14.
Rad1 Qc7 15. Qh5 g6 16. Qh4 e5 17. Bc4 Re8 18. Rfe1 Be6 19. Bb3 c5 20. Bg5 c4 21. Ba4 Bd7 22. Bxd7 Qxd7 23. Qxc4 Qe6 24. Qa6 Bc5 25. Qxe6 Rxe6 26. Rd5 Rb5 27. c4 Ra5 28. Bd2 Rxa2 29. Rxc5 Rxc2 30. Bh6 f6 31. Rc7 g5 32. Rg7+ Kh8 33. Rxa7 Rxc4 1-0

[Event "*** Titled Tuesday Blitz"]
[Site "Chess.com"]
[Date "2020.05.05"]
[Round "4"]
[White "Savagelittlemole"]
[Black "northridgehawk"]
[Result "1-0"]
[WhiteElo "2579"]
[BlackElo "2279"]
[TimeControl "180+1"]
[EndTime "10:40:33 PDT"]
[Termination "Savagelittlemole won on time"]

1. e4 e5 2. Nf3 Nc6 3. Bb5 a6 4. Ba4 Nf6 5. O-O b5 6. Bb3 Bc5 7. c3 d6 8. d4 Bb6 9. Re1 O-O 10. h3 Bb7 11. a4 Rb8 12. axb5 axb5 13. Bg5 h6 14.
Bh4 g5 15. Bg3 Re8 16. d5 Ne7 17. Nh2 Ng6 18. Ng4 Kg7 19. Nxf6 Qxf6 20. Nd2 Nf4 21.
Nf1 Rh8 22. Ne3 h5 23. Nf5+ Kf8 24. Qf3 g4 25. hxg4 hxg4 26. Qxg4 Rg8 27. Qf3 Nh5 28. Bh4 Qg6 29. Ne7 Qg4 30. Nxg8 Qxh4 31. Nh6 Nf4 32. Nf5 Qg5 33. g3 f6 34. Qh1 Kf7 35. Qh7+ Kf8 36. Qh8+ Kf7 37. Qxb8 Qxg3+ 38. Nxg3 1-0

[Event "*** Titled Tuesday Blitz"]
[Site "Chess.com"]
[Date "2020.05.05"]
[Round "4"]
[White "Manukyan_Artak"]
[Black "yoolund"]
[Result "1-0"]
[WhiteElo "2353"]
[BlackElo "2558"]
[TimeControl "180+1"]
[EndTime "10:40:33 PDT"]
[Termination "Manukyan_Artak won on time"]

1. e4 c6 2. d4 d5 3. e5 Bf5 4. c4 e6 5. Nc3 Ne7 6. Nf3 Nd7 7.
Nh4 Bg6 8. Bg5 Qb6 9. cxd5 Nxd5 10. Nxd5 cxd5 11. Nxg6 Bb4+ 12. Bd2 hxg6 13. Bxb4 Qxb4+ 14. Qd2 Qxd2+ 15. Kxd2 O-O-O 16. h3 Kb8 17. Rc1 a6 18. Bd3 g5 19. Ke3 Rc8 20. b3 Rxc1 21. Rxc1 f6 22. exf6 gxf6 23. Kf3 Rh4 24. Ke3 e5 25. dxe5 fxe5 26. Bf5 Nb6 27. g3 Rb4 28. Rh1 Rb5 29. h4 gxh4 30. gxh4 Rc5 31. Kd2 d4 32. h5 Nd5 33. h6 Nf6 34. h7 Nxh7 35.
Rxh7 Rc3 36. Be4 b5 37. Rb7+ Kc8 38. Re7 Rc5 39. Bb7+ Kd8 40. Re6 a5 41. Rc6 Rxc6 42. Bxc6 b4 43. Kd3 Kc7 44. Be8 Kd6 45. Ke4 Ke6 46. Bb5 Kd6 47. Bc4 1-0

[Event "*** Titled Tuesday Blitz"]
[Site "Chess.com"]
[Date "2020.05.05"]
[Round "4"]
[White "mrkvoz"]
[Black "Lubov_Gordyk"]
[Result "1-0"]
[WhiteElo "2818"]
[BlackElo "2631"]
[TimeControl "180+1"]
[EndTime "10:40:34 PDT"]
[Termination "mrkvoz won by resignation"]

1. e4 e5 2. Nf3 d6 3. d4 exd4 4. Nxd4 Nf6 5. Nc3 Be7 6. g3 O-O 7. Bg2 Re8 8. O-O Bd7 9. h3 h6 10. Nde2 a5 11. g4 Na6 12. Ng3 Bf8 13. Be3 a4 14. a3 Rb8 15. Qd2 b5 16. Nd5 Nxd5 17. exd5 Nc5 18. Rae1 Re7 19. g5 hxg5 20. Bxg5 f6 21. Be3 Qe8 22. Bxc5 dxc5 23. d6 cxd6 24. Bd5+ Kh8 25. Rxe7 Bxe7 26. Re1 Qf8 27. Nh5 g6 28. Nf4 Kg7 29. Bc6 Bf5 30. Be4 Qf7 31. Bxf5 gxf5 32.
Qd3 Rg8 33. Qxf5 Kh8+ 34. Kh1 Bf8 35. Re6 Rg5 36. Qxf6+ Qxf6 37. Rxf6 Kg7 38. Rxf8 Re5 39. Rd8 Re1+ 40. Kg2 Rb1 41. Rxd6 Rxb2 42. Ne6+ Kf7 43. Nxc5 Rxc2 44. Ne4 Rb2 45. Rd3 Ke6 46. Kf3 Ke5 47. Ke3 Ra2 48. f4+ Kf5 49. Nd6+ 1-0

[Event "*** Titled Tuesday Blitz"]
[Site "Chess.com"]
[Date "2020.05.05"]
[Round "4"]
[White "DDTerziev04"]
[Black "CraiggoryC"]
[Result "1-0"]
[WhiteElo "2297"]
[BlackElo "2108"]
[TimeControl "180+1"]
[EndTime "10:40:35 PDT"]
[Termination "DDTerziev04 won by resignation"]

1. e4 d5 2. exd5 Nf6 3. Nc3 Nxd5 4. Nxd5 Qxd5 5. Nf3 Nc6 6. Be2 Bg4 7. O-O O-O-O 8. d3 e5 9. h3 Bh5 10. Be3 f5 11. c4 Qd7 12. Qa4 e4 13. dxe4 fxe4 14. Nd4 Nxd4 15. Qxd7+ Rxd7 16. Bxh5 Kb8 17. Rad1 c5 18.
Bg4 Rd8 19. b4 Bd6 20. bxc5 Bxc5 21. Bf4+ Ka8 22. Bg5 Rde8 23. Be3 Rd8 24. Rfe1 h5 25.
Bxd4 Rxd4 26. Rxd4 Bxd4 27. Be6 e3 28. fxe3 Bb6 29.
Bd5 Kb8 30. Kf1 Rf8+ 31. Ke2 Re8 32. Kd3 Kc7 33. e4 Bc5 34. Rf1 Re7 35. Rf5 h4 36. Rf4 g5 37. Rf5 Rg7 38. e5 b6 39. e6 Kd6 40. Rf7 Rxf7 41. exf7 Ke7 42. Ke4 Kf6 43. a4 a5 44. Kf3 Ke5 45. Kg4 Kf6 46. Kh5 Kf5 47. Kh6 g4 48. hxg4+ Kxg4 49. Kg7 Bd4+ 50.
Kg8 Bc5 51. f8=Q Bxf8 52. Kxf8 1-0

[Event "*** Titled Tuesday Blitz"]
[Site "Chess.com"]
[Date "2020.05.05"]
[Round "4"]
[White "kreonx"]
[Black "Shushik"]
[Result "1-0"]
[WhiteElo "2218"]
[BlackElo "2027"]
[TimeControl "180+1"]
[EndTime "10:40:35 PDT"]
[Termination "kreonx won by checkmate"]

1. e4 e5 2. Nc3 Nf6 3. g3 Bc5 4.
Bg2 O-O 5. Nge2 Ng4 6. O-O Qf6 7. Qe1 c6 8. h3 Nxf2 9. Rxf2 Bxf2+ 10. Qxf2 Qg6 11. d4 f5 12. dxe5 fxe4 13. Bf4 e3 14. Qxe3 Qxc2 15. Qd2 Qxd2 16. Bxd2 Re8 17. Bf4 h6 18. h4 Na6 19. Ne4 Nb4 20. Nd6 Re7 21. Be4 b6 22. a3 Nd5 23. Bxd5+ cxd5 24. Nd4 Ba6 25. Rc1 Rf8 26. h5 Bd3 27. Rc7 Be4 28.
Rxa7 Bd3 29. Rc7 Be4 30. Nc8 Ree8 31. Nxb6 Rb8 32. Nxd7 Rxb2 33. Nxf8 Rg2+ 34. Kf1 Kxf8 35. e6 Ra2 36. Bd6+ Ke8 37. Rc8# 1-0

[Event "*** Titled Tuesday Blitz"]
[Site "Chess.com"]
[Date "2020.05.05"]
[Round "4"]
[White "canary2016"]
[Black "DonPreuss"]
[Result "1/2-1/2"]
[WhiteElo "1899"]
[BlackElo "2172"]
[TimeControl "180+1"]
[EndTime "10:40:35 PDT"]
[Termination "Game drawn by repetition"]

1. Nf3 Nc6 2. d4 d6 3. c4 g6 4.
g3 Bg7 5. Bg2 e5 6. dxe5 Nxe5 7.
O-O Nxf3+ 8. Bxf3 Ne7 9. Nd2 Bh3 10. Bg2 Bxg2 11. Kxg2 O-O 12. Nf3 Nc6 13. Rb1 f5 14. b4 Qd7 15. Qb3 Kh8 16. Bb2 Ne5 17. Nxe5 dxe5 18.
Rfd1 Qe6 19. c5 Qxb3 20. axb3 Rad8 21. b5 Kg8 22. Ba3 Rfe8 23. c6 bxc6 24. bxc6 Bf8 25.
Bxf8 Rxf8 26. b4 Kf7 27. b5 Ke6 28. Ra1 Rxd1 29. Rxd1 Rb8 30. Rd7 Rxb5 31. Rxc7 a5 32. Rxh7 Rc5 33. Ra7 Kd6 34. c7 Kd7 35. Kf3 g5 36. h4 g4+ 37. Kg2 Rxc7 38. Rxa5 Ke6 39. f3 gxf3+ 40. Kxf3 Rc3+ 41. e3 Rc6 42. Ra7 Kf6 43.
Rd7 Rc1 44. Rd5 e4+ 45. Kf2 Rc2+ 46. Kf1 Kg6 47. Rd6+ Kh5 48. Rf6 Ra2 49. Rf7 Kg4 50. h5 Ra1+ 51. Kf2 Ra2+ 52. Kf1 Ra1+ 53. Kf2 Ra2+ 54.
Kf1 1/2-1/2

[Event "*** Titled Tuesday Blitz"]
[Site "Chess.com"]
[Date "2020.05.05"]
[Round "4"]
[White "agrigo3"]
[Black "Gennady_Kozlov"]
[Result "0-1"]
[WhiteElo "2330"]
[BlackElo "2588"]
[TimeControl "180+1"]
[EndTime "10:40:36 PDT"]
[Termination "Gennady_Kozlov won by checkmate"]

1. Nf3 d5 2. g3 Nf6 3. Bg2 Bf5 4. O-O h6 5. d3 c6 6. Nbd2 e6 7. Re1 Be7 8. c3 O-O 9. Qc2 Nbd7 10. e4 dxe4 11. dxe4 Bh7 12. Nd4 Rc8 13. Nf1 b5 14. b3 Qb6 15. Bb2 c5 16. Nf3 c4 17. b4 a5 18. a3 Rfd8 19. Bc1 axb4 20. axb4 Ra8 21. Be3 Qb7 22. N3d2 Ne5 23. f3 Nd3 24. Red1 Ne8 25. Ra2 Rxa2 26. Qxa2 Ra8 27. Qc2 Qa6 28. Bd4 Bf6 29.
Bxf6 Nxf6 30. Ne3 Nd7 31. f4 e5 32. f5 g6 33. g4 Nf6 34. h3 gxf5 35. exf5 Rd8 36.
Ne4 Nxe4 37. Bxe4 Qd6 38. Rd2 Qb6 39. Re2 Nf4 40. Re1 Nxh3+ 41. Kh2 Ng5 42. Nd5 Qd6 43.
Rd1 h5 44. Ne3 Qc7 45. Nd5 Rxd5 46. Rxd5 hxg4 47. Kg3 Qb6 48. Bg2 Qe3+ 49. Kxg4 Qf4+ 50. Kh5 Bxf5 51. Rd8+ Kg7 52. Qe2 Bg6# 0-1

[Event "*** Titled Tuesday Blitz"]
[Site "Chess.com"]
[Date "2020.05.05"]
[Round "4"]
[White "Shukh_Nikolay"]
[Black "Justinz"]
[Result "0-1"]
[WhiteElo "2528"]
[BlackElo "2345"]
[TimeControl "180+1"]
[EndTime "10:40:36 PDT"]
[Termination "Justinz won on time"]

1. d4 Nf6 2. c4 e6 3. Nf3 b6 4. g3 Ba6 5. Qc2 c5 6. Bg2 Bb7 7. d5 exd5 8. cxd5 d6 9. O-O Nbd7 10. e4 Be7 11. Nc3 O-O 12. a4 Re8 13. Re1 Bf8 14. a5 Ba6 15. Bf1 Bxf1 16. Rxf1 bxa5 17. Nd2 Rb8 18. Nc4 Rb4 19. Nxa5 Qc7 20. Nc6 Rb7 21. Bd2 Ne5 22. Ra6 Nf3+ 23. Kg2 Nxd2 24. Qxd2 Nxe4 25. Nxe4 Rxe4 26. Re1 Rxe1 27. Qxe1 Qd7 28. Qe4 g6 29. b3 h5 30. h4 Bg7 31. Ra5 Kh7 32. b4 cxb4 33. Nxb4 Bc3 34. Nc6 Bxa5 35. Nxa5 Rb5 36. Nc6 a5 37. Qd3 Rc5 38. Qd4 Qf5 39. Ne7 Qe5 40. Qxe5 dxe5 41. d6 Rc2 0-1

[Event "*** Titled Tuesday Blitz"]
[Site "Chess.com"]
[Date "2020.05.05"]
[Round "4"]
[White "AlexTriapishko"]
[Black "elohunter1999"]
[Result "1-0"]
[WhiteElo "2745"]
[BlackElo "2506"]
[TimeControl "180+1"]
[EndTime "10:40:37 PDT"]
[Termination "AlexTriapishko won by resignation"]

1. e4 c5 2. Nf3 Nc6 3. Nc3 e5 4. Bc4 Be7 5. d3 Nf6 6. Ng5 O-O 7. f4 d5 8. Bxd5 Nxd5 9. Nxd5 exf4 10. Nxe7+ Qxe7 11.
Bxf4 f5 12. O-O h6 13. Nf3 fxe4 14. Nd2 e3 15. Ne4 Nd4 16. Bxe3 Rxf1+ 17. Qxf1 Bf5 18. Bxd4 Bxe4 19. Re1 Rf8 20. Qe2 cxd4 21. Qxe4 Qf6 22. Qe6+ Qxe6 23. Rxe6 Rc8 24. Re2 Rc6 25. Kf2 Kf7 26.
Ke1 a5 27. Kd2 b6 28. Re4 Rd6 29. c3 dxc3+ 30. bxc3 Rg6 31. g3 Rf6 32. Rf4 g5 33. Rxf6+ Kxf6 34. Ke3 Ke5 35. c4 h5 36. d4+ Kf5 37.
a4 h4 38. gxh4 gxh4 39. h3 Kf6 40. Ke4 Ke6 41. Kf4 1-0

[Event "*** Titled Tuesday Blitz"]
[Site "Chess.com"]
[Date "2020.05.05"]
[Round "4"]
[White "SaySpade4VIP"]
[Black "heartofatiger"]
[Result "1-0"]
[WhiteElo "2617"]
[BlackElo "2392"]
[TimeControl "180+1"]
[EndTime "10:40:37 PDT"]
[Termination "SaySpade4VIP won by resignation"]

1. e4 Nf6 2. e5 Nd5 3. d4 d6 4. Nf3 g6 5. Bc4 Nb6 6. Bb3 Bg7 7. h3 O-O 8. O-O dxe5 9. Nxe5 N8d7 10. Qe2 c5 11. Nxd7 Nxd7 12. d5 Nb6 13. Nc3 Bf5 14.
a4 c4 15. Bxc4 Nxc4 16. Qxc4 Bxc2 17. Bg5 Re8 18. Rfe1 Qd7 19. Rac1 Rac8 20. Qb4 Bxc3 21.
bxc3 Bxa4 22. Bxe7 b5 23. d6 Rc4 24. Qb2 Rec8 25.
Qd2 b4 26. cxb4 Rxc1 27. Rxc1 Rxc1+ 28. Qxc1 Qe6 29. Qh6 Qc8 30. h4 a6 31. h5 Bb3 32.
hxg6 fxg6 33. Bf6 Qf8 34. Qxf8+ Kxf8 35. d7 1-0

[Event "*** Titled Tuesday Blitz"]
[Site "Chess.com"]
[Date "2020.05.05"]
[Round "4"]
[White "ama18"]
[Black "Grineva_Marianna"]
[Result "1-0"]
[WhiteElo "2498"]
[BlackElo "2157"]
[TimeControl "180+1"]
[EndTime "10:40:37 PDT"]
[Termination "ama18 won by checkmate"]

1. e4 d6 2. d4 Nf6 3. Nc3 g6 4. Bg5 Bg7 5. Qd2 h6 6. Bf4 Nc6 7. Nge2 g5 8. Bg3 Nh5 9. f3 Nxg3 10. hxg3 e5 11. d5 Nd4 12. Nxd4 exd4 13. Ne2 Qf6 14.
O-O-O Bd7 15. Nxd4 c5 16. dxc6 bxc6 17. c3 O-O 18. Nb3 Be6 19. Qxd6 Rad8 20. Qc5 Rxd1+ 21. Kxd1 Rd8+ 22. Kc1 Bf8 23. Qe3 a5 24. Bd3 a4 25.
e5 Qe7 26. Nd4 Bxa2 27. Qe4 Bg7 28. Nxc6 Qd7 29. Nxd8 Qxd8 30. Bc2 Bb3 31. Rd1 Qa5 32. Qb4 Qxe5 33. Rd8+ Bf8 34. Qxf8# 1-0

[Event "*** Titled Tuesday Blitz"]
[Site "Chess.com"]
[Date "2020.05.05"]
[Round "4"]
[White "Kaua18"]
[Black "TregubovP"]
[Result "0-1"]
[WhiteElo "2294"]
[BlackElo "2480"]
[TimeControl "180+1"]
[EndTime "10:40:37 PDT"]
[Termination "TregubovP won by resignation"]

1. e4 e6 2. d4 d5 3. Nd2 c5 4. exd5 exd5 5. Bb5+ Nc6 6. Ngf3 Qe7+ 7. Qe2 Qxe2+ 8.
Kxe2 a6 9. Bxc6+ bxc6 10. c3 a5 11. Re1 f6 12. Kf1+ Kd7 13. Nb3 c4 14. Nc5+ Bxc5 15. dxc5 Ne7 16. Nd4 Ng6 17. Nf5 Rg8 18. h4 Kc7 19. Ne7 Nxe7 20. Rxe7+ Kd8 21. Re2 Bf5 22. Bf4 Bd3 23. Re1 Re8 24. Be3 Kd7 25. g3 Rab8 26. Kg2 Bxe2 27. Rxe2 a4 28. Rc2 a3 29. bxa3 Ra8 30.
h5 Rxa3 31. h6 gxh6 32. Rb2 Ra7 33. Bxh6 Re1 34. Rb8 Rxa2 35. Rf8 Ke7 36. Rh8 Ree2 37. Rxh7+ Ke6 38. Be3 Rxe3 39. Rc7 Rxc3 40. Rxc6+ Ke5 41.
Rc8 Rcc2 42. c6 Kd6 43. c7 Rxf2+ 44. Kh3 f5 45. Kh4 Ra7 46. Kg5 Rxc7 47. Rd8+ Kc5 0-1

[Event "*** Titled Tuesday Blitz"]
[Site "Chess.com"]
[Date "2020.05.05"]
[Round "4"]
[White "Ave_Mariia"]
[Black "Kaliopa"]
[Result "1-0"]
[WhiteElo "2287"]
[BlackElo "2081"]
[TimeControl "180+1"]
[EndTime "10:40:37 PDT"]
[Termination "Ave_Mariia won on time"]

1. d4 Nf6 2. c4 e6 3. g3 d5 4. Nf3 Be7 5. Bg2 O-O 6. O-O dxc4 7.
Qc2 a6 8. a4 Bd7 9. Qxc4 Bc6 10. Bf4 Bd6 11. Qc1 Nbd7 12. Nc3 Nb6 13. Rd1 Nbd5 14.
Bg5 h6 15. Bxf6 Nxf6 16. Qc2 Bb4 17. Rac1 Qe7 18. Nd2 Bxg2 19. Kxg2 c5 20. Nc4 cxd4 21. Rxd4 Rac8 22. Nb6 Rc6 23. Nc4 e5 24. Nd5 Nxd5 25.
Rxd5 Rfc8 26. Qd3 e4 27. Qd4 Bc5 28. Qe5 Qxe5 29. Nxe5 R6c7 30. Rcd1 f6 31. Nc4 b5 32. axb5 axb5 33. Nd2 e3 34. fxe3 Bxe3 35. Kf3 Bxd2 36. R1xd2 Rc1 37. Rxb5 Rf1+ 38. Ke3 Rfc1 39. Rb7 R1c4 40.
Rdd7 1-0

[Event "*** Titled Tuesday Blitz"]
[Site "Chess.com"]
[Date "2020.05.05"]
[Round "4"]
[White "JulAnt"]
[Black "vanea_03"]
[Result "0-1"]
[WhiteElo "2436"]
[BlackElo "2637"]
[TimeControl "180+1"]
[EndTime "10:40:38 PDT"]
[Termination "vanea_03 won by resignation"]

1. e4 e5 2. Nf3 Nc6 3. Bb5 a6 4. Ba4 Nf6 5. O-O Bc5 6. c3 b5 7.
Bb3 d6 8. d4 Bb6 9. a4 Rb8 10.
a5 Ba7 11. Re1 O-O 12. h3 h6 13. Be3 Ra8 14. Nbd2 Bb7 15. d5 Ne7 16. Nf1 c6 17. dxc6 Bxc6 18. Bxa7 Rxa7 19. Ng3 Rd7 20. Qc2 Bb7 21.
Nh2 d5 22. exd5 Nexd5 23. Rxe5 Nf4 24. Qf5 Nxg2 25. Ng4 Nh4 26. Nxf6+ Qxf6 27. Qxf6 gxf6 28. Re3 Nf3+ 29. Rxf3 Bxf3 30. Re1 Rfd8 31. Nf5 Kh7 32. Kh2 Bd1 33. Bxd1 Rxd1 34. Re7 R8d7 35. Re8 R7d2 36. Kg3 Rg1+ 37. Kf3 Rf1 38. Re7 Rdxf2+ 0-1

[Event "*** Titled Tuesday Blitz"]
[Site "Chess.com"]
[Date "2020.05.05"]
[Round "4"]
[White "PowerThinking2650"]
[Black "White_Ghost"]
[Result "0-1"]
[WhiteElo "2287"]
[BlackElo "2466"]
[TimeControl "180+1"]
[EndTime "10:40:38 PDT"]
[Termination "White_Ghost won on time"]

1. e4 e5 2. Nf3 Nc6 3. Nc3 Nf6 4. d4 exd4 5. Nxd4 Bb4 6. Nxc6 bxc6 7. Bd3 d5 8. exd5 cxd5 9. O-O O-O 10. Bg5 Be7 11. Bxf6 Bxf6 12. Qh5 g6 13. Qxd5 Qxd5 14. Nxd5 Bxb2 15. Rab1 Be5 16. Ne7+ Kg7 17. Be4 Ba6 18.
Bxa8 Bxf1 19. Kxf1 Rxa8 20. Nc6 Bd6 21. Rb8 Rxb8 22.
Nxb8 Kf6 23. Nc6 a6 24. g3 Ke6 25. c4 f5 26. Ke2 g5 27. Kd3 Bc5 28. f3 g4 29. f4 Bg1 30. Nd4+ Kf6 31. Ne2 Bf2 32. a4 a5 33. Nd4 h5 34. Nb3 Bg1 35. Nxa5 Bxh2 36.
Nc6 Bxg3 37. a5 Bf2 38. Nd4 g3 39. a6 Bxd4 40. Kxd4 g2 0-1

[Event "*** Titled Tuesday Blitz"]
[Site "Chess.com"]
[Date "2020.05.05"]
[Round "4"]
[White "talaicito"]
[Black "Omk124"]
[Result "1/2-1/2"]
[WhiteElo "2190"]
[BlackElo "2392"]
[TimeControl "180+1"]
[EndTime "10:40:38 PDT"]
[Termination "Game drawn by repetition"]

1. d4 Nf6 2. Nc3 d5 3. Bf4 e6 4. e3 a6 5. Nf3 c5 6. dxc5 Bxc5 7. Bd3 Nc6 8. O-O O-O 9. a3 b5 10. Ne5 Bb7 11. Ne2 Bd6 12. Nxc6 Bxc6 13. Nd4 Bb7 14. Bg5 h6 15. Bh4 Rc8 16. c3 Be7 17.
Qe2 Ne4 18. Bxe7 Qxe7 19. Bxe4 dxe4 20. Rfd1 Rfd8 21. Rd2 Bd5 22. Qg4 Qf6 23. Rad1 e5 24. Ne2 Bb3 25. Rxd8+ Rxd8 26. Rxd8+ Qxd8 27. Ng3 Bc2 28. h4 Kf8 29. Kh2 f6 30. Nxe4 Qc7 31. Ng3 Kf7 32.
e4 Bb3 33. Nf5 Kf8 34. Qg6 Be6 35. Ne3 Qd7 36. h5 Qc7 37. Qh7 Qb7 38. Qh8+ Kf7 39. Qh7 Kf8 40. f3 Qc7 41. Qh8+ Kf7 42. Qa8 Qb6 43. Nd5 Bxd5 44. Qxd5+ Kf8 45. Kg3 Qe3 46. Qd8+ Kf7 47. Qd7+ Kf8 48. Qd8+ Kf7 49. Qd7+ Kg8 50. Qe8+ Kh7 51. Qg6+ Kh8 52. Qe8+ Kh7 53. Qg6+ Kg8 54.
Qe8+ Kh7 1/2-1/2